Description

Test Build - Feniks

Replay - PPvTT - Traitor's Exile

Build Order

Get SALT Encoding   

  12  0:01  Probe (Chrono Boost)  
  13  0:11  Probe (Chrono Boost)  
  14  0:18  Pylon  
  14  0:22  Probe (Chrono Boost)  
  15  0:36  Probe (Chrono Boost)  
  15  0:39  Gateway  
  16  0:47  Probe (Chrono Boost)  
  16  0:49  Assimilator  
  17  0:57  Probe (Chrono Boost)  
  18  1:08  Probe (Chrono Boost)  
  20  1:18  Probe (Chrono Boost)  
  20  1:29  Nexus  
  20  1:30  Probe (Chrono Boost)  
  21  1:40  Cybernetics Core  
  22  1:47  Probe (Chrono Boost)  
  22  1:48  Assimilator  
  22  1:56  Pylon  
  24  2:17  Stalker (Chrono Boost)  
  24  2:18  Warp Gate  
  26  2:29  Twilight Council  
  29  2:48  Stalker (Chrono Boost)  
  35  3:06  Dark Shrine  
  35  3:13  Pylon  
  43  3:57  Gateway x3  
  42  4:09  Assimilator  
  43  4:11  Pylon  
  43  4:15  Assimilator  
  42  4:25  Dark Templar  
  42  4:28  Charge  
  42  4:29  Shadow Stride (Chrono Boost)  
  45  4:39  Gateway x2  
  47  4:55  Dark Templar  
  52  5:11  Dark Templar x2  
  57  5:19  Zealot  
  56  5:27  Gateway x2  
  56  5:32  Dark Templar  
  56  5:33  Pylon  
  54  5:46  Dark Templar x3  
  54  5:48  Zealot x2  
  60  6:05  Dark Templar  
  62  6:16  Dark Templar  
  60  6:20  Zealot x4  
  72  6:43  Zealot x2  
  75  7:04  Zealot  
Spawning Tool Build Advisor. Get it on Overwolf

Go to:

Details

  • Created by: FeniksGG  
  • Published on: Aug 29, 2017
  • Modified on: Aug 29, 2017
  • Patch: 3.8.0
Show
View Real Time Build Order
Export as new Build Order

Comments (2)

On Sept. 1, 2017, 3:01 p.m., CharlieSC2  said:

I am ZESTisBEST btw... Who put this here!?!? xD

On Sept. 1, 2017, 2:59 p.m., CharlieSC2  said:

This is my build...

Create an account to comment!